 Dungeon Crawl Stone Soup version 0.29.1-15-g9cfb28693d (webtiles) character file.

Game seed: 6270002594971901327

151 growler the Insei (level 5, 0/37 HPs)
             Began as a Merfolk Transmuter on Apr 28, 2023.
             Slain by an orc wizard
             ... wielding a +0 dagger
              (3 damage)
             ... on level 3 of the Dungeon.
             The game lasted 00:06:28 (2857 turns).

growler the Insei (Merfolk Transmuter)              Turns: 2857, Time: 00:06:30

Health: 0/37       AC:  2    Str: 11    XL:     5   Next: 33%
Magic:  7/9        EV: 12    Int: 14    God:
Gold:   174        SH:  0    Dex: 14    Spells: 0/10 levels left

rFire   . . .      SeeInvis .     - Unarmed
rCold   . . .      Faith    .   (no shield)
rNeg    + . .      Spirit   .   a - +0 robe
rPois   .          Reflect  .   (no helmet)
rElec   .          Harm     .   (no cloak)
rCorr   .          Rampage  .   (no gloves)
Will    .....                   (no boots)
Stlth   +.........              (no amulet)
HPRegen 0.12/turn               g - ring of positive energy
MPRegen 0.11/turn               (no ring)

@: confused, wereblooded
A: (nimble swimmer 2), mertail
a: no special abilities


You were on level 3 of the Dungeon.
You visited 1 branch of the dungeon, and saw 3 of its levels.

You collected 174 gold pieces.

Inventory:

Missiles
 k - a throwing net
Armour
 a - a +0 robe (worn)
 c - a +0 pair of boots
 e - a +2 hat
Jewellery
 g - a ring of positive energy (left hand)
Scrolls
 d - a scroll of immolation {unknown}
 f - a scroll of teleportation {unknown}
 i - a scroll of enchant armour {unknown}
 l - a scroll of blinking {unknown}
 m - a scroll of poison {unknown}
 n - a scroll of noise {unknown}
 o - a scroll of enchant weapon {unknown}
 p - a scroll of fog {unknown}
Potions
 b - 2 potions of lignification
 h - 2 potions of attraction {unknown}
 j - a potion of curing {unknown}


   Skills:
 - Level 1.2 Fighting
 - Level 2.7 Dodging
 + Level 5.1 Unarmed Combat
 - Level 3.0 Spellcasting
 - Level 4.0 Transmutations


You couldn't memorise any spells.
You knew the following spells:

 Your Spells              Type           Power      Damage    Failure   Level
a - Beastly Appendage     Tmut           26%        N/A       4%          1
b - Wereblood             Tmut           13%        N/A       6%          2
c - Spider Form           Tmut/Pois      7%         N/A       28%         3
d - Ice Form              Ice/Tmut       7%         N/A       67%         4

Your spell library contained the following spells:

 Spells                   Type           Power      Damage    Failure   Level
 Slow                     Hex            8%         N/A       22%         1
 Confusing Touch          Hex            2%         N/A       54%         3
 Gell's Gravitas          Tloc           2%         N/A       54%         3
 Ozocubu's Armour         Ice            2%         N/A       54%         3
 Portal Projectile        Hex/Tloc       4%         N/A       54%         3
 Teleport Other           Tloc           2%         N/A       54%         3
 Tukima's Dance           Hex            2%         N/A       54%         3
 Vampiric Draining        Necr           2%         2d6       54%         3
 Blade Hands              Tmut           6%         N/A       75%         5
 Metabolic Englaciation   Hex/Ice        1%         N/A       99%         5
 Dispersal                Tloc           1%         N/A       100%        6
 Simulacrum               Ice/Necr       1%         N/A       100%        6


Dungeon Overview and Level Annotations

Branches:
Dungeon (3/15)

Altars:

Shops:
D:1 [


Innate Abilities, Weirdness & Mutations

((You are very nimble when in or above water. (Stealth+, EV+, Speed+++)))
Your lower body shifts to a powerful aquatic tail in water.


Message History

Anything else - Cancel.
You howl for attention!
You hear a shout! x2
Your transformation is almost over.
The orc wizard points at you and mumbles some strange words.
You resist with some effort.
You barely miss the orc wizard. You headbutt the orc wizard!
The orc wizard is heavily wounded.
The orc wizard points at you and mumbles some strange words.
You are confused.
An orc wizard comes into view. It is wielding a +0 dagger.
You're too confused to move!
The orc wizard barely misses you.
The orc wizard attacks as you move away!
The orc wizard hits you with a +0 dagger.
The orc wizard casts a spell at you. The magic dart hits you!
You bump into the rock wall.
The orc wizard hits you with a +0 dagger.
The orc wizard casts a spell at you.
You are more confused.
You bump into the rock wall.
The orc wizard mumbles some strange words.
The orc wizard flickers and vanishes!
Deactivating autopickup; reactivate with Ctrl-A.
The orc wizard casts a spell at you.
You are more confused.
You miss the orc wizard. Your headbutt misses the orc wizard.
The orc wizard gestures wildly while chanting.
The orc wizard flickers and vanishes!
Something hits you.
You're too confused to move!
Something hits you but does no damage. Something hits you.
You bump into the rock wall.
Your horns disappear.
Something hits you. x2
You hit something but do no damage.
You hear some strange, mumbled words.
A puff of flame appears from out of thin air!
The puff of flame hits you!
* * * LOW HITPOINT WARNING * * *
Something hits you.
You die...

# #o #o o. # .###
## ##. ..###.... #
..# ##..#
###......# ....
......#@{.# #..
###...#{### #..
........#########.
###.#
..................
..#.#
..##.#.###.######.
#.#.#####.. #.#.
#.# #.......... .
#.# #.# ###)#####.
# #.# #.#
...†#####..# #.#
#.#


There were no monsters in sight!

Vanquished Creatures
  3 gnolls (D:2)
  6 adders
  2 worms
  A dart slug (D:3)
  An orc (D:3)
  6 endoplasms
  5 giant cockroaches
  7 goblins
  6 hobgoblins
  5 kobolds
  A quokka (D:2)
  2 ball pythons
  7 bats
  2 frilled lizards
  7 rats
61 creatures vanquished.

Notes
Turn   | Place    | Note
-------+----------+-------------------------------------------
     0 | D:1      | growler the Merfolk Transmuter began the quest for the Orb.
     0 | D:1      | Reached XP level 1. HP: 15/15 MP: 3/3
   313 | D:1      | Found a faded altar of an unknown god.
   318 | D:1      | Reached XP level 2. HP: 21/21 MP: 5/5
   321 | D:1      | Learned a level 2 spell: Wereblood
   433 | D:1      | Found Pagusah's Armour Shoppe.
   781 | D:1      | Reached XP level 3. HP: 26/26 MP: 6/6
   785 | D:1      | Learned a level 3 spell: Spider Form
  1375 | D:2      | Reached skill level 4 in Unarmed Combat
  1375 | D:2      | Reached XP level 4. HP: 32/32 MP: 5/8
  1807 | D:2      | Reached XP level 5. HP: 28/37 MP: 6/9
  1897 | D:2      | Learned a level 4 spell: Ice Form
  2577 | D:3      | Reached skill level 5 in Unarmed Combat
  2857 | D:3      | Slain by an orc wizard

Illustrated notes

Levels and vault maps discovered:
D:1:      psy_arrival_statuary, layout_rooms, ebering_ecumenical_altar_mist,
          serial_shops, shop, minmay_misc_feat_encased, minivault_19,
          corexii_corridor_pit
D:2:      layout_loops_ring
D:3:      minmay_roachtagon, layout_loops_ring

Skill      XL: |  1  2  3  4  5 |
---------------+----------------+-----
Transmutations | 3 4 |  4.0
Unarmed Combat | 4 5 |  5.1
Spellcasting   | 3 |  3.0
Fighting       | |  1.2
Dodging        | |  2.7

Action                   |  1- 3 |  4- 6 || total
-------------------------+-------+-------++-------
Melee: Unarmed           |    97 |   113 ||   210
       Headbutt          |     5 |    12 ||    17
       Punch             |     2 |     4 ||     6
 Cast: Beastly Appendage |    14 |     7 ||    21
       Wereblood         |     1 |     2 ||     3
 Stab: Sleeping          |       |     2 ||     2
Armor: Robe              |    33 |    33 ||    66
Dodge: Dodged            |    65 |    65 ||   130
